 Dungeon Crawl Stone Soup version 0.21.1-1-g345015f (webtiles) character file.

375930 kae the Executioner (level 22, -10/206 HPs)
             Began as a Hill Orc Fighter on May 30, 2018.
             Was the Champion of Qazlal.
             Mangled by an orc warrior
             ... wielding a +0 halberd
             ... led by an orc knight
              (21 damage)
             ... on level 5 of the Vaults.
             The game lasted 01:11:41 (59036 turns).

kae the Executioner (Hill Orc Fighter)             Turns: 59036, Time: 01:11:43

Health: -10/206    AC: 38    Str: 33    XL:     22   Next: 77%
Magic:  33/36      EV: 20    Int:  8    God:    Qazlal [******]
Gold:   2478       SH:  8    Dex: 19    Spells: 21/21 levels left

rFire    + . .     SeeInvis .   a - +12 executioner's axe of Dim Light {chop, +Fly rF+ rN+}
rCold    + . .     Gourm    .   (shield currently unavailable)
rNeg     + + +     Faith    .   c - +7 scale mail of the Morning {*Slow rPois rC+ Str+4}
rPois    +         Spirit   .   e - +2 helmet
rElec    .         Reflect  .   m - +1 cloak
rCorr    .         Harm     .   U - +2 pair of gloves {Dex+3}
MR       ++...                  M - +1 pair of boots {run}
Stlth    ..........             (no amulet)
HPRegen  0.44/turn              W - ring of Hogagh {rN+ MR+ Dex+4 Slay+2 Stlth-}
MPRegen  0.25/turn              L - ring "Lualec" {*Drain rN+ AC+3 Dex+2 Slay+3}

@: protected from physical damage, repel missiles, quick
A: thin metallic scales 1, sense surroundings 1
}: 2/15 runes: decaying, serpentine
a: Upheaval, Elemental Force, Disaster Area, Renounce Religion, Evoke Flight


You were on level 5 of the Vaults.
You worshipped Qazlal.
Qazlal was exalted by your worship.
You were not hungry.

You visited 6 branches of the dungeon, and saw 36 of its levels.
You also visited: Ice Cave.

You collected 4172 gold pieces.
You spent 1694 gold pieces at shops.

Inventory:

Hand Weapons
 a - the +12 executioner's axe of Dim Light (weapon) {chop, +Fly rF+ rN+}
   (You acquired it on level 2 of the Vaults)

   It inflicts extra damage upon your enemies.
   It protects you from fire.
   It protects you from negative energy.
   It lets you fly.
 b - a +0 scimitar of flaming
 r - a +3 battleaxe of freezing
Armour
 c - the +7 scale mail of the Morning (worn) {*Slow rPois rC+ Str+4}
   (You bought it in a shop on level 2 of the Orcish Mines)

   It affects your strength (+4).
   It protects you from cold.
   It protects you from poison.
   It may slow you when you take damage.
 e - a +2 helmet (worn)
 m - a +1 cloak (worn)
 M - a +1 pair of boots of running (worn)
 U - a +2 pair of gloves of dexterity (worn)
 V - a +3 chain mail of poison resistance
Jewellery
 v - an uncursed ring of positive energy
 w - an uncursed ring of protection from fire
 x - an uncursed ring of protection from magic
 K - an uncursed ring of protection from cold
 L - the ring "Lualec" (right hand) {*Drain rN+ AC+3 Dex+2 Slay+3}
   (You bought it in a shop on level 1 of the Snake Pit)

   [ring of protection]

   It affects your AC (+3).
   It affects your dexterity (+2).
   It affects your accuracy and damage with ranged weapons and melee attacks
   (+3).
   It protects you from negative energy.
   It causes draining when unequipped.
 W - the ring of Hogagh (left hand) {rN+ MR+ Dex+4 Slay+2 Stlth-}
   (You bought it in a shop on level 2 of the Orcish Mines)

   [ring of loudness]

   It affects your dexterity (+4).
   It affects your accuracy and damage with ranged weapons and melee attacks
   (+2).
   It protects you from negative energy.
   It affects your resistance to hostile enchantments.
   It makes you less stealthy.
Wands
 g - a wand of iceblast (32)
 o - a wand of digging (3)
 u - a wand of disintegration (8)
 D - a wand of flame (37)
 I - a wand of clouds (5)
 X - a wand of random effects (37)
Scrolls
 d - 4 scrolls of blinking
 h - 8 scrolls of remove curse
 i - 14 scrolls of amnesia
 j - a scroll of brand weapon
 l - 7 scrolls of teleportation
 q - a scroll of enchant weapon
 s - 2 scrolls of magic mapping
 y - 3 scrolls of immolation
 F - 2 scrolls of fog
 H - a scroll of fear
 P - 10 scrolls of identify
 S - a scroll of holy word
Potions
 k - 10 potions of brilliance
 n - 5 potions of ambrosia
 z - a potion of agility
 A - a potion of berserk rage
 B - a potion of resistance
 C - 6 potions of flight
 E - 2 potions of magic
 G - 5 potions of haste
 J - 6 potions of curing
 N - 3 potions of cancellation
 O - 2 potions of might
Comestibles
 f - 47 rations


   Skills:
 + Level 19.4 Fighting
 + Level 25.8 Axes
 - Level 16.0 Armour
 + Level 11.8 Dodging
   Level 4.0 Shields
 + Level 20.9 Invocations
 * Level 12.5 Evocations


You had 21 spell levels left.
You didn't know any spells.

Dungeon Overview and Level Annotations

Branches:
Dungeon (15/15)            Temple (0/1) D:6            Lair (6/6) D:9
  Swamp (4/4) Lair:3        Snake (4/4) Lair:3        Slime (0/5) Lair:6
    Orc (2/2) D:11            Elf (0/3) Orc:2        Vaults (5/5) D:14
  Crypt (0/3) Vaults:3     Depths (0/5) D:15

Altars:
Elyvilon
Fedhas
Kikubaaqudgha
Qazlal
Sif Muna
Trog
Vehumet
Xom
The Shining One
Beogh
Jiyva

Shops:
D:11 %   Orc:1 *   Orc:2 (*[=   Snake:1 }==   Snake:4 =   Vaults:4 [


Innate Abilities, Weirdness & Mutations

You are partially covered in thin metallic scales. (AC +2)
You passively map a small area around you.


Message History

You swap places.
You hear a shout!
The eye of devastation changes into a floating eye!
The ironbrand convoker seems less brilliant.
The Executioner hits your vault warden!
Your ironheart preserver dies!
Your ironheart preserver's corpse dissolves into shadows!
The Executioner hits your vault warden.
The Executioner completely misses your vault warden.
The golden dragon breathes cold at you. The bolt of cold hits your frost giant.
Your frost giant resists.
The bolt of cold hits you! You resist.
* * * LOW HITPOINT WARNING * * *
Your vault sentinel hits the vault warden with a morningstar.
The titan hits you!
* * * LOW HITPOINT WARNING * * *
Cornered, the yaktaur turns to fight!
The orc warrior hits you from afar with a halberd!!
You die...

* #...:# ...
#....###..#4 * , *#
#....#1CCDpp *
##.#....#441.ppp * ,
* ##pe#([.p#.cec#
.....pppC1ppC.*, , *
###c(.pp(p.########
.....WcxDD[...e....
,
..[[[p.@CXxpC.e....
, ,
...[..§C§o(........
,.....Cp§.*Q(C.p....
*
###.)DE(..Loc######
* *, .c...[)e.C.#o#
, D...#)..xcD#.#c# *
, ,
#G..#.....#.#.#e# ,
##. #....#.#.#C#.#,
* #.... * * #Q# ,


You could see a shadow dragon, a tentacled monstrosity, an iron dragon, 4
titans, a golden dragon, an ancient lich, 2 frost giants, a Brimstone Fiend, 2
ice dragons, 2 stone giants, a stone giant shaped shifter, 3 vault wardens, a
tengu reaver (fleeing), 4 yaktaur captains, a vault guard, an orc knight
(fleeing), a deep elf death mage, an ettin (fleeing), an Executioner, a hell
knight, a deep elf elementalist (fleeing), a deep elf demonologist, a vault
sentinel (fleeing), a deep elf high priest (fleeing), a phantasmal warrior, 2
ironbrand convokers, 3 yaktaurs, a rust devil, a deep elf mage (fleeing), a red
devil, 2 orc warriors, a small abomination, a floating eye shaped shifter, a
battlesphere, 2 crawling corpses, a friendly frost giant, a friendly ice dragon,
2 friendly vault wardens, a friendly yaktaur captain, a friendly vault guard, 4
friendly vault sentinels, a friendly ironbrand convoker and a friendly earth
elemental.

Vanquished Creatures
  Mara (Swamp:4)
  Vashnia (Snake:1)
  Jorgrun (Swamp:4)
  A tentacled monstrosity (Vaults:4)
  A titan (Vaults:4)
  2 thorn hunters
  Agnes (D:14)
  Frances (D:12)
  A storm dragon (Vaults:4)
  A shadow dragon (Vaults:5)
  Kirke (D:14)
  Donald (Snake:2)
  3 tengu reavers
  11 nagarajas
  2 fire giants
  2 deep elf sorcerers
  Aizul (Snake:4)
  12 vault wardens
  3 frost giants (Vaults:4)
  An orc warlord (Orc:2)
  3 entropy weavers (Vaults:4)
  7 very ugly things (Vaults:4)
  12 ironheart preservers
  7 stone giants
  A deep elf demonologist (Vaults:2)
  A deep elf annihilator (Vaults:4)
  6 ettins
  4 fire dragons
  2 deep elf death magi (Vaults:1)
  A great orb of eyes (Vaults:4)
  Josephine (D:15)
  6 yaktaur captains
  17 naga warriors
  3 rakshasas
  The ghost of Curus the Martial Artist, a journeyman MfTm of Makhleb (Lair:3)
  2 jiangshi (Vaults:3)
  37 vault guards
  18 hydras
  Erica (D:9)
  Harold (D:11)
  16 anacondas
  6 centaur warriors
  A catoblepas (Lair:6)
  3 ice dragons
  6 ghost crabs
  8 alligators
  3 death yaks (Lair:6)
  2 tengu warriors (D:15)
  9 ogre magi
  20 two-headed ogres
  A queen ant (D:9)
  2 deep troll shamans (Vaults:4)
  An orc high priest (Orc:2)
  A death knight (Vaults:2)
  Urug (Orc:2)
  6 shock serpents
  20 naga sharpshooters
  Nergalle (D:11)
  7 deep elf knights
  A fire crab (Swamp:4)
  5 skeletal warriors (D:12)
  2 salamander mystics
  10 sea snakes (Snake:4)
  A wizard (Vaults:1)
  A glowing orange brain (D:15)
  14 deep trolls
  4 unseen horrors
  4 spriggan druids (Swamp:2)
  6 naga ritualists
  6 swamp dragons
  2 flayed ghosts
  A large abomination (Vaults:1)
  3 shambling mangroves
  3 lindwurms
  The ghost of shugdite the Carver, a novice MiFi of Okawaru (D:6)
  7 deep elf archers
  9 harpies
  2 necromancers
  A lindwurm (shapeshifter) (D:15)
  9 orc knights
  2 phantasmal warriors
  18 ironbrand convokers
  A glowing orange brain (shapeshifter) (Vaults:1)
  2 wolf spiders
  11 mana vipers
  7 orc sorcerers
  18 deep elf magi
  34 slime creatures
  5 manticores
  26 ugly things
  5 cyclopes
  Maurice (D:13)
  14 salamanders
  A water nymph (shapeshifter) (Vaults:5)
  8 guardian serpents
  Joseph (D:8)
  4 apocalypse crabs (Swamp:2)
  11 elephants
  Psyche (D:9)
  A spiny frog (shapeshifter) (D:15)
  38 black mambas
  3 ice statues
  A fire giant skeleton (Vaults:4)
  3 gargoyles
  21 spiny frogs
  8 torpor snails (Lair:6)
  14 naga magi
  14 vault sentinels
  35 yaktaurs
  10 rime drakes
  A yaktaur (shapeshifter) (Vaults:1)
  6 kobold demonologists
  A rime drake (shapeshifter) (Vaults:1)
  A komodo dragon (shapeshifter) (Vaults:4)
  12 ice devils (IceCv)
  7 komodo dragons
  6 freezing wraiths
  2 tengu conjurers (D:15)
  10 trolls
  A polar bear (shapeshifter) (Vaults:4)
  13 tyrant leeches
  A shadow dragon simulacrum (Vaults:4)
  25 hornets
  A queen bee (D:12)
  A polar bear (Lair:5)
  A wind drake (shapeshifter) (D:14)
  11 blink frogs
  8 bog bodies
  15 hippogriffs
  15 dream sheep
  2 human simulacra (Vaults:4)
  5 spriggans
  A vampire (D:15)
  6 shadows
  A tarantella (shapeshifter) (Vaults:1)
  7 wyverns
  5 redbacks (Vaults:4)
  29 yaks
  6 wraiths
  9 basilisks
  7 hogs (D:14)
  A steam dragon (D:13)
  A basilisk (shapeshifter) (Vaults:1)
  Grum (D:8)
  A hungry ghost (D:13)
  27 swamp worms
  18 vampire mosquitoes
  11 insubstantial wisps
  An acid dragon (shapeshifter) (D:15)
  A naga (shapeshifter) (Vaults:2)
  4 wargs
  Duvessa (D:5)
  59 nagas
  15 soldier ants
  4 acid dragons
  A hell hound (Lair:4)
  12 water moccasins
  7 swamp drakes
  55 orc warriors
  4 porcupines
  2 eyes of draining
  2 sky beasts
  A phantom (D:9)
  2 hornet zombies
  36 ogres
  A necrophage (D:7)
  9 boggarts
  A wolf (shapeshifter) (D:15)
  37 wolves
  14 centaurs
  16 crocodiles
  20 big kobolds
  Blork the orc (Orc:2)
  22 bullfrogs
  3 scorpions
  Dowan (D:5)
  16 killer bees
  16 wights
  3 howler monkeys
  2 electric eels
  3 centaur zombies
  5 crimson imps
  2 bullfrog zombies
  5 hounds
  Crazy Yiuf (D:3)
  2 bullfrog skeletons
  4 centaur skeletons
  25 orc priests
  4 jellies
  30 orc wizards
  Jessica (D:3)
  An iguana (D:4)
  43 worker ants
  A killer bee zombie (D:6)
  2 hound zombies
  A hound skeleton (D:4)
  2 worker ant zombies (D:6)
  19 gnolls
  9 adders
  4 shadow imps
  6 white imps (IceCv)
  6 ufetubi (IceCv)
  An ooze (D:5)
  2 worms
  4 leopard geckos
  99 orcs
  4 ball pythons
  5 giant cockroaches
  32 goblins
  30 hobgoblins
  10 jackals
  30 kobolds
  3 quokkas
  2 bats
  8 frilled lizards
  A leopard gecko skeleton (D:4)
  A quokka skeleton (D:6)
  A quokka zombie (D:5)
  4 rats
  8 briar patches (Swamp:3)
  A crawling corpse (Vaults:5)
  4 fungi
  5 plants
1779 creatures vanquished.

Vanquished Creatures (collateral kills)
  A war gargoyle (Vaults:5)
  A yaktaur captain (Vaults:5)
  An ice dragon (Lair:6)
  A vault guard (Vaults:5)
  A rakshasa (Vaults:2)
  A deep elf archer (Vaults:5)
  A vault sentinel (Vaults:5)
  A yaktaur (Vaults:5)
  An orc warrior (Vaults:5)
  4 crawling corpses (Vaults:5)
13 creatures vanquished.

Vanquished Creatures (others)
  A shadow dragon (Vaults:5)
  An ironheart preserver (Vaults:5)
  A blizzard demon (IceCv)
  A lindwurm (Swamp:4)
  2 swamp dragons (Swamp:4)
  Pikel (D:6)
  A yaktaur (Vaults:5)
  A hornet (Swamp:4)
  A spriggan (Swamp:4)
  3 steam dragons (Swamp:4)
  6 swamp drakes (Swamp:4)
  2 slaves (D:6)
  An orc warrior (D:6)
  A bullfrog (D:13)
  A killer bee (D:12)
  3 wights (D:6)
  A crimson imp (D:6)
  A hound (D:6)
  A worker ant (D:6)
  5 white imps (IceCv)
  2 ufetubi (IceCv)
  A leopard gecko (D:6)
  3 orcs
  A hobgoblin (D:5)
  A quokka (D:6)
  14 fungi
  7 plants
64 creatures vanquished.

Grand Total: 1856 creatures vanquished

Notes
Turn   | Place    | Note
-------+----------+-------------------------------------------
     0 | D:1      | kae the Hill Orc Fighter began the quest for the Orb.
     0 | D:1      | Reached XP level 1. HP: 19/19 MP: 1/1
    87 | D:1      | Reached skill level 3 in Axes
    89 | D:1      | Reached XP level 2. HP: 25/27 MP: 2/2
   996 | D:2      | Reached XP level 3. HP: 28/33 MP: 3/3
  1624 | D:3      | Noticed Jessica
  1630 | D:3      | Killed Jessica
  1630 | D:3      | Reached skill level 4 in Axes
  1632 | D:3      | Reached XP level 4. HP: 27/40 MP: 4/4
  2221 | D:3      | Found a runed door.
  2225 | D:3      | Noticed Crazy Yiuf
  2233 | D:3      | Killed Crazy Yiuf
  2233 | D:3      | Reached skill level 5 in Axes
  2233 | D:3      | Reached XP level 5. HP: 18/47 MP: 5/5
  2552 | D:4      | Reached XP level 6. HP: 38/55 MP: 6/6
  2777 | D:4      | Reached skill level 5 in Fighting
  2777 | D:4      | Reached skill level 6 in Axes
  2822 | D:4      | HP: 2/56 [worker ant (3)]
  2825 | D:4      | Gained mutation: You passively map a small area around you. [potion of mutation]
  2825 | D:4      | Gained mutation: You are partially covered in thin metallic scales. (AC +2) [potion of mutation]
  2837 | D:4      | Found a white marble altar of Elyvilon.
  3669 | D:5      | Entered Level 5 of the Dungeon
  3790 | D:5      | Reached skill level 7 in Axes
  3790 | D:5      | Reached skill level 5 in Armour
  3790 | D:5      | Reached XP level 7. HP: 61/61 MP: 7/7
  3810 | D:5      | Noticed Duvessa
  3810 | D:5      | Noticed Dowan
  3827 | D:5      | Killed Dowan
  3834 | D:5      | Killed Duvessa
  4121 | D:5      | Found a blossoming altar of Fedhas.
  4124 | D:5      | Found a deep blue altar of Sif Muna.
  4127 | D:5      | Found an ancient bone altar of Kikubaaqudgha.
  4604 | D:5      | Reached skill level 8 in Axes
  5053 | D:5      | Reached XP level 8. HP: 45/70 MP: 8/8
  5066 | D:5      | Reached skill level 9 in Axes
  5675 | D:6      | Killed Pikel
  6099 | D:6      | Found a staircase to the Ecumenical Temple.
  6144 | D:6      | Found a shimmering altar of Xom.
  6206 | D:6      | Noticed shugdite's ghost (novice MiFi)
  6223 | D:6      | Killed shugdite's ghost
  6223 | D:6      | Reached skill level 10 in Axes
  6223 | D:6      | Reached XP level 9. HP: 75/80 MP: 9/9
  6422 | D:6      | Reached skill level 11 in Axes
  7224 | D:7      | Reached skill level 12 in Axes
  7459 | D:7      | Reached XP level 10. HP: 90/90 MP: 10/10
  7943 | D:8      | Noticed Grum
  7956 | D:8      | HP: 3/91 [Grum/halberd of venom (12)]
  7957 | D:8      | HP: 1/91 [poisoned by Grum]
  7960 | D:8      | Killed Grum
  8306 | D:8      | Found a stormy altar of Qazlal.
  8346 | D:8      | Noticed Joseph
  8358 | D:8      | Reached skill level 13 in Axes
  8384 | D:8      | Killed Joseph
  9193 | D:8      | Became a worshipper of Qazlal Stormbringer
  9752 | D:9      | Noticed Psyche
  9759 | D:9      | Killed Psyche
  9772 | D:9      | Reached skill level 10 in Fighting
  9772 | D:9      | Reached skill level 14 in Axes
  9788 | D:9      | Found a staircase to the Lair.
  9827 | D:9      | Noticed a two-headed ogre
  9841 | D:9      | Killed a two-headed ogre
 10025 | D:9      | Noticed a queen ant
 10034 | D:9      | Reached XP level 11. HP: 98/100 MP: 11/11
 10056 | D:9      | Killed a queen ant
 10766 | D:9      | Reached * piety under Qazlal
 10956 | D:9      | Reached skill level 15 in Axes
 11046 | D:9      | Reached skill level 10 in Armour
 11085 | D:9      | Noticed Erica
 11954 | D:9      | Reached ** piety under Qazlal
 12373 | D:9      | Killed Erica
 12909 | D:10     | Entered Level 10 of the Dungeon
 13037 | D:10     | Killed an unseen horror
 13842 | D:10     | Found an ancient bone altar of Kikubaaqudgha.
 13937 | Lair:1   | Entered Level 1 of the Lair of Beasts
 13971 | Lair:1   | Reached skill level 16 in Axes
 14103 | Lair:1   | Noticed a four-headed hydra
 14112 | Lair:1   | Killed a one-headed hydra
 14112 | Lair:1   | Reached XP level 12. HP: 110/110 MP: 12/12
 14631 | Lair:1   | Reached *** piety under Qazlal
 14631 | Lair:1   | Reached skill level 17 in Axes
 16062 | Lair:3   | Noticed Curus's ghost (journeyman MfTm)
 16252 | Lair:3   | Killed Curus's ghost
 16468 | Lair:3   | Found a staircase to the Snake Pit.
 16893 | Lair:3   | Found a staircase to the Swamp.
 17526 | Lair:4   | Reached skill level 18 in Axes
 17943 | Lair:4   | Reached XP level 13. HP: 62/119 MP: 13/13
 19220 | Lair:4   | Reached skill level 19 in Axes
 21735 | Lair:6   | Entered Level 6 of the Lair of Beasts
 22064 | Lair:6   | Reached **** piety under Qazlal
 22558 | Lair:6   | Reached XP level 14. HP: 126/132 MP: 14/14
 22741 | Lair:6   | Found a viscous altar of Jiyva.
 22742 | Lair:6   | Found a staircase to the Slime Pits.
 22749 | Lair:6   | Reached skill level 20 in Axes
 24005 | Lair:6   | Found a runed door.
 24021 | Lair:6   | Paralysed by a hornet for 2 turns
 24194 | Lair:6   | HP: 6/133 [tyrant leech (16)]
 25138 | Lair:6   | Reached skill level 21 in Axes
 26385 | D:11     | Noticed Harold
 26399 | D:11     | Killed Harold
 26399 | D:11     | Reached skill level 15 in Fighting
 26893 | D:11     | Noticed Nergalle
 26903 | D:11     | Killed Nergalle
 26949 | D:11     | Found Xysmah's Food Shoppe.
 26984 | D:11     | Reached ***** piety under Qazlal
 27155 | D:11     | Found a staircase to the Orcish Mines.
 27824 | Orc:1    | Entered Level 1 of the Orcish Mines
 28012 | Orc:1    | Found Kuywuisk's General Store.
 28127 | Orc:1    | Reached XP level 15. HP: 140/141 MP: 15/15
 28434 | Orc:1    | Found a bloodstained altar of Trog.
 28517 | Orc:1    | Found a radiant altar of Vehumet.
 28700 | Orc:2    | Entered Level 2 of the Orcish Mines
 29226 | Orc:2    | Noticed Urug
 29240 | Orc:2    | Noticed Blork the orc
 29621 | Orc:2    | Killed Urug
 29621 | Orc:2    | Killed Blork the orc
 29688 | Orc:2    | Found a roughly hewn altar of Beogh.
 29692 | Orc:2    | Reached ****** piety under Qazlal
 30151 | Orc:2    | Noticed an orc warlord
 30381 | Orc:2    | Killed an orc warlord
 30381 | Orc:2    | Reached skill level 22 in Axes
 30568 | Orc:2    | Found Foakha's Antique Weapon Boutique.
 30578 | Orc:2    | Found Fuxu's Antique Armour Boutique.
 30622 | Orc:2    | Found a roughly hewn altar of Beogh.
 30643 | Orc:2    | Found Goilegex's General Store.
 30656 | Orc:2    | Found Otadidgh's Jewellery Boutique.
 30695 | Orc:2    | Found a staircase to the Elven Halls.
 30762 | Orc:2    | Bought a scorched scale mail for 207 gold pieces
 30762 | Orc:2    | Bought a pair of runed gloves for 172 gold pieces
 30912 | Orc:2    | Bought the ring of Hogagh {rN+ MR+ Dex+4 Slay+2 Stlth-} for 534 gold pieces
 31111 | D:12     | Noticed Frances
 31555 | D:12     | Killed Frances
 32198 | D:12     | You fall through a shaft for 3 floors!
 32198 | D:15     | Entered Level 15 of the Dungeon
 32314 | D:14     | Noticed Agnes
 32320 | D:14     | Killed Agnes
 32320 | D:14     | Reached skill level 15 in Armour
 32327 | D:14     | Noticed Kirke
 32654 | D:13     | Reached skill level 23 in Axes
 32761 | D:13     | Reached XP level 16. HP: 151/151 MP: 16/16
 33011 | D:13     | Noticed Maurice
 33023 | D:13     | Killed Maurice
 33049 | D:13     | Identified the +7 scale mail of the Morning {*Slow rPois rC+ Str+4} (You bought it in a shop on level 2 of the Orcish Mines)
 33132 | D:13     | You fall through a shaft!
 33168 | D:14     | Found a gate to the Vaults.
 33402 | D:14     | Killed Kirke
 34406 | D:15     | Noticed Josephine
 34415 | D:15     | Killed Josephine
 34802 | D:15     | Found a staircase to the Depths.
 35130 | Snake:1  | Entered Level 1 of the Snake Pit
 35752 | Snake:1  | Reached skill level 24 in Axes
 36327 | Snake:1  | Found Ximiel's Jewellery Boutique.
 36329 | Snake:1  | Found Bein's Gadget Emporium.
 36330 | Snake:1  | Found Osah's Jewellery Boutique.
 36343 | Snake:1  | Bought the ring "Lualec" {*Drain rN+ AC+3 Dex+2 Slay+3} for 781 gold pieces
 36615 | Snake:2  | Noticed Vashnia
 36615 | Snake:2  | Noticed a nagaraja
 36618 | Snake:2  | Killed a nagaraja
 38033 | Snake:1  | Reached skill level 1 in Invocations
 38166 | Snake:1  | Reached XP level 17. HP: 104/161 MP: 18/18
 38167 | Snake:1  | Reached skill level 1 in Dodging
 38489 | Snake:1  | Killed Vashnia
 38489 | Snake:1  | Reached skill level 5 in Invocations
 38821 | Snake:2  | Noticed Donald
 38828 | Snake:2  | Killed Donald
 39561 | Snake:2  | Found a white marble altar of Elyvilon.
 40513 | Snake:3  | Found a stormy altar of Qazlal.
 40518 | Snake:3  | Reached skill level 10 in Invocations
 41221 | Snake:3  | Reached skill level 5 in Dodging
 41602 | Snake:4  | Entered Level 4 of the Snake Pit
 41666 | Snake:4  | Noticed Aizul
 41682 | Snake:4  | Killed Aizul
 42024 | Snake:4  | Found Ysmagat's Jewellery Shop.
 42059 | Snake:4  | Reached XP level 18. HP: 78/170 MP: 27/27
 43380 | Snake:4  | Reached skill level 15 in Invocations
 44243 | Snake:4  | Got a serpentine rune of Zot
 44601 | Swamp:1  | Entered Level 1 of the Swamp
 44940 | Swamp:1  | Found a frozen archway.
 44956 | IceCv    | Entered an ice cave
 45336 | IceCv    | Got a steaming war axe
 45338 | IceCv    | Identified the +6 war axe of the Badger {drain, MR+ Dex+3} (You found it in an ice cave)
 45804 | Swamp:1  | Reached XP level 19. HP: 166/177 MP: 31/31
 46787 | Swamp:2  | Found a glowing golden altar of the Shining One.
 46884 | Swamp:2  | Found a runed door.
 48304 | Swamp:4  | Entered Level 4 of the Swamp
 48322 | Swamp:4  | Noticed Jorgrun
 48342 | Swamp:4  | Killed Jorgrun
 48730 | Swamp:4  | Noticed Mara
 48732 | Swamp:4  | Noticed kae's illusion
 49133 | Swamp:4  | Noticed kae's illusion
 49338 | Swamp:4  | Noticed kae's illusion
 49728 | Swamp:4  | Noticed kae's illusion
 50122 | Swamp:4  | Noticed kae's illusion
 50129 | Swamp:4  | Killed Mara
 50938 | Swamp:4  | Got a decaying rune of Zot
 51560 | Vaults:1 | Entered Level 1 of the Vaults
 51897 | Vaults:1 | Reached XP level 20. HP: 157/184 MP: 33/33
 52244 | Vaults:1 | Identified a +0 pair of boots of running (You found it on level 1 of the Vaults)
 52376 | Vaults:1 | Reached skill level 5 in Evocations
 52518 | Vaults:1 | Reached skill level 10 in Dodging
 53159 | Vaults:2 | Identified a scroll of acquirement
 53160 | Vaults:2 | Got a smoking executioner's axe
 53198 | Vaults:2 | Identified the +12 executioner's axe of Dim Light {chop, +Fly rF+ rN+} (You acquired it on level 2 of the Vaults)
 53777 | Vaults:2 | Paralysed by an orc sorcerer for 3 turns
 55392 | Vaults:3 | Reached skill level 25 in Axes
 55392 | Vaults:3 | Reached XP level 21. HP: 194/194 MP: 34/34
 55831 | Vaults:3 | Found a staircase to the Crypt.
 55860 | Vaults:3 | Paralysed by an ogre mage for 4 turns
 56675 | Vaults:4 | Reached skill level 10 in Evocations
 57567 | Vaults:4 | Reached XP level 22. HP: 170/204 MP: 36/36
 58362 | Vaults:4 | Found Gapsoz's Armour Emporium.
 58596 | Vaults:5 | Entered Level 5 of the Vaults
 58618 | Vaults:5 | Noticed a golden dragon
 59027 | Vaults:5 | Noticed an ancient lich
 59036 | Vaults:5 | Mangled by an orc warrior

Skill      XL: |  1  2  3  4  5  6  7  8  9 10 11 12 13 14 15 16 17 18 19 20 21 22 |
---------------+-------------------------------------------------------------------+-----
Axes           | 3 4 5 7 8 10 12 14 16 18 19 21 23 24 25 | 25.8
Fighting       | 4 5 6 7 8 10 11 12 14 15 16 17 18 19 | 19.4
Armour         | 4 5 7 8 9 10 11 13 14 15 16 | 16.0
Shields        | 4 |  4.0
Invocations    | 2 12 16 18 19 20 | 20.9
Dodging        | 5 8 9 10 11 | 11.8
Evocations     | 4 8 10 12 | 12.5

Action                   |  1- 3 |  4- 6 |  7- 9 | 10-12 | 13-15 | 16-18 | 19-21 | 22-24 || total
-------------------------+-------+-------+-------+-------+-------+-------+-------+-------++-------
Melee: War axe           |    81 |   140 |   397 |   971 |   174 |       |       |       ||  1763
       Scimitar          |       |       |       |     4 |    16 |       |    57 |       ||    77
       Battleaxe         |       |       |       |       |  1001 |  1016 |   639 |       ||  2656
       Unarmed           |       |       |       |       |    11 |       |       |       ||    11
       Executioner's axe |       |       |       |       |       |       |   472 |   122 ||   594
Invok: Upheaval          |       |       |       |       |     7 |     2 |       |       ||     9
       Elemental Force   |       |       |       |       |       |       |     1 |     3 ||     4
       Disaster Area     |       |       |       |       |       |       |       |     1 ||     1
Evoke: Wand              |       |       |       |    17 |    10 |     1 |       |       ||    28
  Use: Potion            |       |     8 |     4 |     9 |     4 |     1 |     2 |     2 ||    30
       Scroll            |       |       |    13 |    11 |     9 |    16 |     7 |     5 ||    61
 Stab: Petrified         |       |       |       |       |     6 |       |       |       ||     6
       Distracted        |       |       |       |       |     1 |       |       |     1 ||     2
       Confused          |       |       |       |       |       |       |     1 |       ||     1
       Invisible         |       |       |       |       |       |       |       |     1 ||     1
  Eat: Chunk             |       |     9 |    12 |    27 |    38 |    16 |    26 |     4 ||   132
       Ration            |       |       |       |     2 |     3 |     8 |     3 |     1 ||    17
Armor: Scale mail        |    32 |    79 |   245 |   292 |   343 |   404 |   521 |    62 ||  1978
       Skin              |       |       |       |    36 |     1 |       |       |       ||    37
       Chain mail        |       |       |       |       |   265 |    19 |       |       ||   284
Dodge: Dodged            |    33 |    58 |   184 |   283 |   418 |   419 |   581 |   122 ||  2098
       Deflected         |       |       |       |       |    14 |   114 |    35 |    16 ||   179
Block: Shield            |    46 |    62 |       |       |       |       |       |       ||   108
       Buckler           |       |     6 |    95 |   202 |    46 |       |       |       ||   349
       Other             |       |       |       |       |   246 |   337 |   347 |    60 ||   990
       Rpst.: Scimitar   |       |       |       |       |     1 |       |    19 |       ||    20
